 Dungeon Crawl Stone Soup version 0.30-a0-341-g682706514a (webtiles) character file.

Game seed: 10654484590385917398

18 Elric the Poker (level 2, 0/22 HPs)
             Began as a Merfolk Gladiator on Nov 2, 2022.
             Killed by nerve-wracking pain
             ... invoked by a shadow imp
             ... summoned by Natasha
              (6 damage)
             ... on level 2 of the Dungeon.
             The game lasted 00:00:39 (399 turns).

Elric the Poker (Merfolk Gladiator)                  Turns: 399, Time: 00:00:39

Health: 0/22       AC:  4    Str: 14    XL:     2   Next: 70%
Magic:  2/2        EV: 13    Int:  7    God:
Gold:   30         SH:  0    Dex: 15    Spells: 1/1 levels left

rFire   . . .      SeeInvis .    a - +0 trident
rCold   . . .      Faith    .    (no shield)
rNeg    . . .      Spirit   .    b - +0 leather armour
rPois   .          Reflect  .    c - +0 helmet
rElec   .          Harm     .    (no cloak)
rCorr   .          Rampage  .    (no gloves)
Will    .....                    (no boots)
Stlth   +.........               (no amulet)
HPRegen 0.23/turn                (no ring)
MPRegen 0.08/turn                (no ring)

@: no status effects
A: (nimble swimmer 2), mertail
a: no special abilities


You were on level 2 of the Dungeon.
You visited 1 branch of the dungeon, and saw 2 of its levels.

You collected 30 gold pieces.

Inventory:

Hand Weapons
 a - a +0 trident (weapon)
Missiles
 d - 3 throwing nets (quivered)
 e - a javelin
Armour
 b - a +0 leather armour (worn)
 c - a +0 helmet (worn)
Scrolls
 f - 2 scrolls of teleportation {unknown}
Potions
 g - a potion of flight {unknown}
 h - a potion of might {unknown}


   Skills:
 - Level 2.2 Fighting
 + Level 5.1 Polearms
 - Level 2.0 Throwing
 - Level 4.0 Dodging


You had one spell level left.
You didn't know any spells.
Your spell library was empty.

Dungeon Overview and Level Annotations

Branches:
Dungeon (1/15)

Altars:

Annotations:
D:2 Natasha


Innate Abilities, Weirdness & Mutations

((You are very nimble when in or above water. (Stealth+, EV+, Speed+++)))
Your lower body shifts to a powerful aquatic tail in water.


Message History

A kobold comes into view. It is wielding a +0 dagger.
The kobold shouts!
You hit the hobgoblin.
The hobgoblin is almost dead.
The hobgoblin misses you.
You hit the hobgoblin.
You kill the hobgoblin!
Your Polearms skill increases to level 5!
You reach to attack!
You hit the kobold.
You kill the kobold!
A giant cockroach comes into view.
The giant cockroach waves its antennae.
You reach to attack!
You hit the giant cockroach.
You kill the giant cockroach!
No target in view!
h - a blue potion You see here a hobgoblin corpse.
Found an escape hatch in the ceiling.
Things that are here:
a +0 dagger; a kobold corpse Natasha, Servant of Life and Death comes into view.
Natasha howls an incantation.
You feel troubled.
You closely miss Natasha. Natasha barely misses you.
Natasha closely misses you.
You closely miss Natasha.
Natasha casts a spell.
You closely miss the shadow imp. Natasha claws you but does no damage.
The shadow imp barely misses you.
You completely miss the shadow imp. Natasha barely misses you.
The shadow imp hits you.
You hit the shadow imp but do no damage.
Natasha completely misses you. The shadow imp gestures at you.
Pain shoots through your body!
You completely miss the shadow imp. Natasha claws you!
* * * LOW HITPOINT WARNING * * *
The shadow imp gestures at you. Pain shoots through your body!
You die...

#..........#
#######.####### ..#
#†# #..
..#####)#####.#####
.........<........
......#.#####.##.##
..###......##.#...#
..# #......##.#5..#
#####......##...@.#
.........##.#.#h#
...............#.#
..........######..
...............#######
####......>...........
###############.#####
#...................#
#.#############.###.#


You could see Natasha and a shadow imp (summoned).

Vanquished Creatures
  2 endoplasms (D:2)
  4 giant cockroaches (D:2)
  3 goblins (D:2)
  4 hobgoblins (D:2)
  A kobold (D:2)
14 creatures vanquished.

Notes
Turn   | Place    | Note
-------+----------+-------------------------------------------
     0 | D:1      | Elric the Merfolk Gladiator began the quest for the Orb.
     0 | D:1      | Reached XP level 1. HP: 16/16 MP: 1/1
     2 | D:1      | You fall into a shaft and drop 1 floor!
   143 | D:2      | Reached XP level 2. HP: 20/22 MP: 2/2
   361 | D:2      | Reached skill level 5 in Polearms
   393 | D:2      | Noticed Natasha
   399 | D:2      | Killed from afar by a shadow imp

Illustrated notes

Levels and vault maps discovered:
D:1:      nicolae_arrival_washed_ashore, layout_basic
D:2:      layout_basic, serial_bayou_crossing, uniq_robin, uniq_natasha

Skill      XL: |  1  2 |
---------------+-------+-----
Polearms       | 5 |  5.1
Fighting       | |  2.2
Throwing       | |  2.0
Dodging        | |  4.0

Action                   || total
-------------------------++-------
Melee: Trident           ||    44
 Stab: Sleeping          ||     1
Armor: Leather armour    ||     4
Dodge: Dodged            ||    24

Table legend: (Time is in decaauts)
 A = Elapsed time spent in this place.
 B = Non-inter-level travel time spent in this place.
 C = Inter-level travel time spent in this place.
 D = Time resting spent in this place.
 E = Time spent auto-exploring this place.
 F = Levels seen in this place.
 G = Mean time per level.
                   A        B        C        D        E       F      G
               +--------+--------+--------+--------+--------+-----+--------+
         Total |    401 |    401 |      0 |      0 |    313 |   2 |  200.5 |
       Dungeon |    401 |    401 |      0 |      0 |    313 |   2 |  200.5 |
               +--------+--------+--------+--------+--------+-----+--------+

Top non-repeatable levels by time:
     D:2: 399 daAuts
     D:1: 2 daAuts
